 Dungeon Crawl Stone Soup version 0.20.1-1-g8b1a95d (webtiles) character file.

44 Necronhym the Skirmisher (level 3, -2/31 HPs)
             Began as a Ghoul Fighter on Sept 26, 2017.
             Slain by Crazy Yiuf
             ... wielding a +2 quarterstaff of chaos
              (8 damage)
             ... while paralysed by Crazy Yiuf
             ... on level 2 of the Dungeon.
             The game lasted 00:09:20 (1096 turns).

Necronhym the Skirmisher (Ghoul Fighter)            Turns: 1096, Time: 00:09:21

Health: -2/31      AC:  9    Str: 20    XL:     3   Next: 62%
Magic:  2/2        EV:  2    Int:  3    God:
Gold:   31         SH:  0    Dex:  8    Spells: 2/2 levels left

rFire    . . .     SeeInvis .   a - +0 long sword
rCold    + . .     Gourm    .   c - +0 shield
rNeg     + + +     Faith    .   h - +0 chain mail
rPois    ∞         Spirit   .   (no helmet)
rElec    .         Reflect  .   (no cloak)
rCorr    .         Harm     .   (no gloves)
MR       .....                  (no boots)
Stlth    ..........             (no amulet)
Regen    0.0/turn               (no ring)
MPRegen  0.1/turn               (no ring)

@: paralysed, rotting
A: rotting body, claws 1, carnivore 3, cold resistance 1, negative energy
resistance 3, inhibited regeneration, torment resistance, unbreathing
a: no special abilities


You were on level 2 of the Dungeon.
You were not hungry.

You visited 1 branch of the dungeon, and saw 2 of its levels.

You collected 31 gold pieces.

Inventory:

Hand Weapons
 a - a +0 long sword (weapon)
Armour
 c - a +0 shield (worn)
 h - a +0 chain mail (worn)
Jewellery
 b - an uncursed amulet of magic regeneration
Potions
 d - a potion of might
 e - a potion of lignification {unknown}
 g - a potion of berserk rage {unknown}
Comestibles
 f - a meat ration


   Skills:
 + Level 3.5 Fighting
 + Level 2.3 Long Blades
 + Level 3.0 Armour
 + Level 0.8 Dodging
 + Level 3.1 Shields


You had 2 spell levels left.
You didn't know any spells.

Dungeon Overview and Level Annotations

Branches:
Dungeon (2/15)

Altars:

Annotations:
D:2 Crazy Yiuf


Innate Abilities, Weirdness & Mutations

Your body is rotting away.
You thrive on raw meat.
You are immune to poison.
You have sharp fingernails.
You are carnivorous and can eat meat at any time.
Your flesh is cold resistant. (rC+)
You are immune to negative energy. (rN+++)
You do not regenerate when monsters are visible.
You are immune to unholy pain and torment.
You can survive without breathing.


Message History

Your shield and chain mail prevent you from hitting Crazy Yiuf.
Crazy Yiuf is severely wounded.
Crazy Yiuf hits you with a quarterstaff of chaos.
You blink.
Crazy Yiuf laughs, "Tonal!
Leather disdain pizzabubble."
Your shield and chain mail prevent you from hitting Crazy Yiuf.
Crazy Yiuf is severely wounded.
Crazy Yiuf hits you but does no damage.
You closely miss Crazy Yiuf.
Crazy Yiuf is severely wounded.
Crazy Yiuf hits you with a quarterstaff of chaos!
You suddenly lose the ability to move!
Crazy Yiuf yells, "Two sing ragdoll!"
Crazy Yiuf hits you with a quarterstaff of chaos.
Crazy Yiuf hits you with a quarterstaff of chaos.
You are electrocuted!
* * * LOW HITPOINT WARNING * * *
Crazy Yiuf whimpers, "Citrus!
Two childish verde."
Crazy Yiuf hits you with a quarterstaff of chaos!
You die...

.....# ....##
#..## #..# #..#
#..# #..# #####
♣♣#### #..#
#)..#♣♣ ♣♣....##
#..#
#@g.'.♣♣♣♣......#
#..#
#...#♣..♣.......#
#..#
#####♣♣♣.♣......#
#..# ♣♣♣♣♣##.##
#..# #.#
#..######### ###
#.# #..##......#
#.########.#
#..##.####.#
#.......(..#
#..##.# #.#
#.##########


You could see Crazy Yiuf.

Vanquished Creatures
  2 adders (D:2)
  2 dart slugs (D:1)
  2 giant cockroaches
  2 goblins (D:1)
  3 hobgoblins (D:1)
  2 kobolds
  A ball python (D:2)
  2 bats (D:1)
  5 frilled lizards
  3 rats
24 creatures vanquished.

Notes
Turn   | Place    | Note
-------+----------+-------------------------------------------
     0 | D:1      | Necronhym the Ghoul Fighter began the quest for the Orb.
     0 | D:1      | Reached XP level 1. HP: 19/19 MP: 0/0
   372 | D:1      | Reached XP level 2. HP: 20/25 MP: 1/1
   871 | D:2      | Reached XP level 3. HP: 31/31 MP: 2/2
  1081 | D:2      | Found a runed door.
  1085 | D:2      | Noticed Crazy Yiuf
  1093 | D:2      | Paralysed by Crazy Yiuf for 6 turns
  1096 | D:2      | Slain by Crazy Yiuf

Skill      XL: |  1  2  3 |
---------------+----------+-----
Long Blades    | 2 |  2.3
Shields        | 3 |  3.1
Armour         | 3 |  3.0
Fighting       | |  3.5
Dodging        | |  0.8

Action                   || total
-------------------------++-------
Melee: Long sword        ||   130
  Use: Scroll            ||     3
  Eat: Chunk             ||     8
Armor: Chain mail        ||    73
       Scale mail        ||     9
Dodge: Dodged            ||    28
Block: Shield            ||    69
       Rpst.: Long sword ||    11
